 Dungeon Crawl Stone Soup version 0.28.0-45-g0d030f2227 (webtiles) character file.

Game seed: 16195128469339050657

46 rocky1 the Digger (level 3, 0/26 HPs)
             Began as a Demigod Earth Elementalist on Apr 8, 2022.
             Slain by an adder (2 damage)
             ... on level 2 of the Dungeon.
             The game lasted 00:05:32 (2504 turns).

rocky1 the Digger (Demigod Earth Elementalist)      Turns: 2504, Time: 00:05:33

Health: 0/26       AC:  2    Str:  9    XL:     3   Next: 26%
Magic:  8/8        EV: 12    Int: 21    God:
Gold:   44         SH:  0    Dex: 14    Spells: 4/5 levels left

rFire   . . .      SeeInvis .   b - +0 dagger
rCold   . . .      Faith    .   (no shield)
rNeg    . . .      Spirit   .   g - +0 robe
rPois   .          Reflect  .   (no helmet)
rElec   .          Harm     .   (no cloak)
rCorr   .          Rampage  .   (no gloves)
Will    .....                   (no boots)
Stlth   ++........              (no amulet)
HPRegen 0.08/turn               (no ring)
MPRegen 0.11/turn               (no ring)

@: no status effects
A: high MP 1, forlorn, divine attributes
a: no special abilities


You were on level 2 of the Dungeon.
You visited 1 branch of the dungeon, and saw 2 of its levels.

You collected 44 gold pieces.

Inventory:

Hand Weapons
 b - a +0 dagger (weapon)
Missiles
 k - 4 poisoned darts (quivered)
Armour
 g - a +0 robe (worn)
Magical Staves
 a - a staff of conjuration
Jewellery
 j - a ring of ice
 m - an amulet of guardian spirit
Scrolls
 d - a scroll of brand weapon {unknown}
 e - a scroll of noise {unknown}
 i - a scroll of identify {unknown}
 l - a scroll of acquirement {unknown}
Potions
 f - a potion of magic {unknown}
 h - a potion of might {unknown}


   Skills:
 - Level 1.7 Dodging
 - Level 1.7 Stealth
 - Level 1.7 Spellcasting
 - Level 0.8 Transmutations
 + Level 4.1 Earth Magic


You had 4 spell levels left.
You knew the following spells:

 Your Spells              Type           Power      Damage    Failure   Level
a - Sandblast             Erth           38%        2d10      2%          1

Your spell library contained the following spells:

 Spells                   Type           Power      Damage    Failure   Level
 Passwall                 Tmut/Erth      10%        N/A       9%          2
 Stone Arrow              Conj/Erth      20%        3d8       19%         3
 Petrify                  Tmut/Erth      12%        N/A       47%         4


Dungeon Overview and Level Annotations

Branches:
Dungeon (2/15)


Innate Abilities, Weirdness & Mutations

You have an increased reservoir of magic. (+10% MP)
You shall have no god before yourself.
Your divine heritage dramatically boosts your attributes as you level up.


Message History

Press: ? - help, Q - select action, (/) - cycle Shift-Dir - straight line, f - adder
Aim: an adder (moderately wounded, 38% to hit)
You throw a javelin. The javelin closely misses the adder.
The adder misses you. The adder bites you but does no damage.
Unknown command.
Throw: javelin
Press: ? - help, Q - select action, (/) - cycle Shift-Dir - straight line, f/p - adder
Aim: an adder (moderately wounded, 38% to hit)
You throw a javelin. The javelin misses the adder.
The adder bites you.
You are poisoned.
The adder poisons you! The adder bites you but does no damage.
You hit the adder.
The adder is heavily wounded.
You feel sick. The adder barely misses you. The adder bites you.
You hit the adder.
The adder is severely wounded.
You feel sick. The adder bites you but does no damage.
You closely miss the adder.
The adder is severely wounded.
You feel sick. The adder barely misses you.
You miss the adder.
The adder is severely wounded.
You feel sick. The adder bites you. The adder completely misses you.
You hit the adder but do no damage.
The adder is severely wounded.
You feel sick. The adder bites you.
* * * LOW HITPOINT WARNING * * *
You hit the adder but do no damage.
The adder is severely wounded.
You feel sick.
You are no longer poisoned.
The adder barely misses you.
You miss the adder.
The adder is severely wounded.
The adder closely misses you.
You closely miss the adder.
The adder is severely wounded.
The adder bites you.
You die...

##. ... # ..# ...
####.# ..# #.#+#
.....# #####..
#.#.#########
.......##.#...@S...(#
........#.#.#######..#
....w...#.#.#
..........#.#
########..#.# .#
#..#.# .# ##.#.# .#
#.#.# #.#### #.#.#
###.....


You could see an adder.

Vanquished Creatures
  A worm (D:2)
  3 dart slugs (D:1)
  3 bats (D:1)
  3 endoplasms
  3 giant cockroaches (D:1)
  8 jackals
  A quokka (D:1)
  3 frilled lizards
  3 goblins
  2 kobolds (D:1)
  3 rats
33 creatures vanquished.

Notes
Turn   | Place    | Note
-------+----------+-------------------------------------------
     0 | D:1      | rocky1 the Demigod Earth Elementalist began the quest for
                  | the Orb.
     0 | D:1      | Reached XP level 1. HP: 14/14 MP: 5/5
   138 | D:1      | Reached skill level 3 in Earth Magic
   366 | D:1      | Reached XP level 2. HP: 19/20 MP: 2/7
  1383 | D:1      | Reached XP level 3. HP: 16/26 MP: 1/8
  1982 | D:2      | Reached skill level 4 in Earth Magic
  2504 | D:2      | Slain by an adder

Illustrated notes

Levels and vault maps discovered:
D:1:      sevenhm_arrival_forest_fort_small_3, layout_loops_ring,
          chequers_ecumenical_altar_lobes, st_stairs_5
D:2:      layout_basic, serial_co_window_serial, co_window_paths_a,
          co_window_paths_a, co_window_paths_a, co_window_paths_a,
          co_window_corner_a, co_window_2corner, co_window_unsneaky_path_d,
          co_window_broadway_c, co_window_2corner, co_window_2corner,
          co_window_2corner, glass_columns_a, glass_columns_a, glass_columns_a

Skill      XL: |  1  2  3 |
---------------+----------+-----
Earth Magic    | 3 4 |  4.1
Dodging        | |  1.7
Stealth        | |  1.7
Spellcasting   | |  1.7
Transmutations | |  0.8

Action                   || total
-------------------------++-------
Melee: Unarmed           ||     4
       Dagger            ||   111
Throw: Javelin           ||    10
 Cast: Sandblast         ||    32
Armor: Robe              ||    36
Dodge: Dodged            ||    95
